 Dungeon Crawl Stone Soup version 0.31.0-11-ge490571c62 (webtiles) character file.

Game seed: 10348296629959756262

763 hawla the Conjurer (level 7, -1/60 HPs)
             Began as a Deep Elf Conjurer on Feb 4, 2024.
             Slain by a mummy (11 damage)
             ... in an ossuary on Feb 5, 2024.
             The game lasted 00:15:53 (4514 turns).

hawla the Conjurer (Deep Elf Conjurer)              Turns: 4514, Time: 00:15:53

Health: -1/60      AC: 23    Str:  4    XL:     7   Next: 51%
Magic:  0/13       EV:  2    Int: 25    God:
Gold:   395        SH:  5    Dex: 13    Spells: 5/12 levels left

rFire   . . .        e - staff of death
rCold   . . .        (no shield)
rNeg    + . .        a - melded +0 robe
rPois   +            h - melded +1 helmet
rElec   .            (cloak currently unavailable)
rCorr   .            (gloves currently unavailable)
SInv    .            (boots currently unavailable)
Will    .....        m - amulet of reflection
Stlth   ++           (no ring)
HPRegen 0.30/turn    (no ring)
MPRegen 0.13/turn

%: reflection
@: tree-form, hasted, very quick
A: stationary, stasis, torment immunity, boosted hp
a: no special abilities


You were in an ossuary.
You were a tree.
You visited 1 branch of the dungeon, and saw 5 of its levels.
You also visited: Ossuary.

You collected 395 gold pieces.

Inventory:

Armour
 a - a +0 robe (melded)
 h - a +1 helmet (melded)
Magical Staves
 e - a staff of death (weapon)
Jewellery
 m - an amulet of reflection (around neck)
 n - an amulet of magic regeneration
Wands
 o - a wand of iceblast (4)
Scrolls
 c - a scroll of teleportation
 d - 3 scrolls of vulnerability
 k - 3 scrolls of identify
Potions
 f - 2 potions of enlightenment
 g - a potion of haste


   Skills:
 - Level 2.0 Fighting
 - Level 2.4 Dodging
 - Level 4.0 Stealth
 - Level 4.0 Shields
 - Level 3.0 Spellcasting
 - Level 4.3 Conjurations
 - Level 3.0 Necromancy
 - Level 3.0 Translocations
 + Level 3.9 Evocations


You had 5 spell levels left.
You knew the following spells:

 Your Spells              Type           Power      Damage    Failure   Level
a - Magic Dart            Conj           100%       1d8       1%          1
b - Searing Ray           Conj           50%        2d6       2%          2
c - Iskenderun's Mystic   Conj/Tloc      22%        2d6       22%         4

Your spell library contained the following spells:

 Spells                   Type           Power      Damage    Failure   Level
 Kiss of Death            Conj/Necr      100%       2d13      2%          1
 Summon Small Mammal      Summ           12%        N/A       10%         1
 Dispel Undead            Necr           28%        3d13      28%         4
 Call Canine Familiar     Summ           3%         N/A       30%         3
 Confusing Touch          Hex            3%         N/A       30%         3
 Fulminant Prism          Conj/Alch      7%         3d7       38%         4
 Leda's Liquefaction      Alch/Erth      1%         N/A       69%         4
 Summon Blazeheart Golem  Fire/Summ      3%         N/A       69%         4
 Lee's Rapid Deconstruct  Erth           1%         3d4*      95%         5
 Bombard                  Conj/Erth      7%         9d2       99%         6


Dungeon Overview and Level Annotations

Branches:
Dungeon (5/15)            Ossuary (1/1)
 Temple: D:4-7

Altars:
Okawaru
Uskayaw
Zin


Message History

You hit the elf zombie.
The elf zombie is almost destroyed.
You block the goblin zombie's attack.
You closely miss the elf zombie.
The elf zombie is almost destroyed.
You block the elf zombie's attack.
The goblin zombie hits you but does no damage.
You hit the elf zombie.
The elf zombie is almost destroyed.
The elf zombie hits you but does no damage.
You barely miss the goblin zombie.
The goblin zombie is severely damaged.
The goblin zombie hits you but does no damage.
You barely miss the goblin zombie.
The goblin zombie is severely damaged.
The elf zombie hits you but does no damage.
The goblin zombie hits you but does no damage.
You closely miss the elf zombie.
The elf zombie is almost destroyed.
The mummy hits you but does no damage.
The elf zombie hits you but does no damage.
You hit the elf zombie.
You destroy the elf zombie!
The goblin zombie completely misses you.
The mummy hits you but does no damage.
You hit the goblin zombie.
You destroy the goblin zombie!
The mummy hits you but does no damage.
Casting: Iskenderun's Mystic Blast (quite dangerous; 22% risk of failure)
Confirm with . or Enter, or press ? or * to list all spells.
Aiming: Searing Ray (safe; 2% risk of failure)
Press: ? - help, Shift-Dir - straight line, f - mummy
Aim: a mummy (90% to hit)
The searing ray hits the mummy but does no damage. (Press . to maintain the ray.)
The mummy completely misses you.
You barely miss the mummy. You hit the mummy but do no damage.
The mummy hits you but does no damage. The mummy hits you!
You die...

................
................
#...............
#...............
................
................
......M.........
.......♣∩.......
.......M........
................
................
................
#...............
#...............
................


You could see 2 mummies.

Vanquished Creatures
  A centaur (D:4)
  An elf zombie (Ossuary)
  Blork the orc (D:5)
  A scorpion (D:5)
  2 bombardier beetles
  A hound (D:4)
  3 orc priests
  Jessica (D:2)
  2 iguanas
  An orc wizard (D:4)
  Robin (D:2)
  3 gnolls (D:4)
  5 adders
  2 dart slugs (D:1)
  A ribbon worm (D:3)
  7 orcs
  9 endoplasms
  4 giant cockroaches
  A gnoll zombie (Ossuary)
  5 hobgoblins
  2 jackals (D:5)
  4 kobolds
  5 quokkas
  8 ball pythons
  4 bats
  A frilled lizard (D:1)
  25 goblins
  2 goblin zombies (Ossuary)
  4 hobgoblin zombies (Ossuary)
  A jackal zombie (Ossuary)
  A kobold zombie (Ossuary)
  2 orc zombies (Ossuary)
  5 rats
  A rat zombie (D:5)
117 creatures vanquished.

Vanquished Creatures (others)
  An orc (D:4)
1 creature vanquished.

Grand Total: 118 creatures vanquished

Notes
Turn   | Place    | Note
-------+----------+-------------------------------------------
     0 | D:1      | hawla the Deep Elf Conjurer began the quest for the Orb.
     0 | D:1      | Reached XP level 1. HP: 10/10 MP: 6/6
    76 | D:1      | Reached skill level 1 in Fighting
   171 | D:1      | Reached XP level 2. HP: 16/16 MP: 4/8
   536 | D:1      | Learned a level 2 spell: Searing Ray
   763 | D:1      | Reached XP level 3. HP: 21/21 MP: 7/9
  1047 | D:2      | Reached skill level 1 in Necromancy
  1047 | D:2      | Reached skill level 1 in Translocations
  1341 | D:2      | Noticed Robin
  1351 | D:2      | Killed Robin
  1353 | D:2      | Reached XP level 4. HP: 7/26 MP: 6/10
  1727 | D:2      | Noticed Jessica
  1730 | D:2      | Killed Jessica
  2142 | D:3      | Reached XP level 5. HP: 30/30 MP: 4/11
  2147 | D:3      | Learned a level 4 spell: Iskenderun's Mystic Blast
  2314 | D:3      | Found an iron altar of Okawaru.
  2330 | D:3      | Reached skill level 1 in Shields
  3115 | D:4      | Found a glowing silver altar of Zin.
  3553 | D:4      | Noticed a centaur
  3555 | D:4      | Killed a centaur
  3556 | D:4      | Reached XP level 6. HP: 35/35 MP: 6/12
  3605 | D:4      | Found a hide-covered altar of Uskayaw.
  4106 | D:5      | Entered Level 5 of the Dungeon
  4113 | D:5      | Reached XP level 7. HP: 40/40 MP: 1/13
  4236 | D:5      | Noticed Blork the orc
  4245 | D:5      | Killed Blork the orc
  4246 | D:5      | Reached skill level 1 in Evocations
  4438 | D:5      | Found a sand-covered staircase.
  4451 | Ossuary  | Entered an ossuary
  4482 | Ossuary  | HP: 3/60 [elf zombie (5)]
  4514 | Ossuary  | Slain by a mummy

Illustrated notes

Levels and vault maps discovered:
D:1:      minmay_arrival_shattered_statue, layout_basic
D:2:      layout_basic, uniq_jessica, uniq_robin
D:3:      layout_basic, mainiacjoe_overflow_chevrons
D:4:      layout_gridville, lemuel_doored_altar, kennysheep_little_box,
          kennysheep_generic_room_3
D:5:      layout_loops_cross, nicolae_qazlal_beasts_of_the_sky, enter_ossuary_3,
          uniq_pikel, uniq_blork_the_orc
Ossuary:  ossuary_minmay_tomb_2a

Skill      XL: |  1  2  3  4  5  6  7 |
---------------+----------------------+-----
Fighting       | 1 2 |  2.0
Necromancy     | 2 3 |  3.0
Translocations | 1 3 |  3.0
Stealth        | 4 |  4.0
Shields        | 2 3 4 |  4.0
Evocations     | 3 |  3.9
Dodging        | |  2.4
Spellcasting   | |  3.0
Conjurations   | |  4.3

Action                     |  1- 3 |  4- 6 |  7- 9 || total
---------------------------+-------+-------+-------++-------
  Melee: Unarmed           |     8 |       |       ||     8
         Staff             |     7 |    19 |    45 ||    71
   Cast: Magic Dart        |    45 |    59 |     5 ||   109
         Searing Ray       |     8 |    27 |     3 ||    38
         Iskenderun's Myst |       |     1 |     6 ||     7
    Use: Scroll            |     1 |     2 |     1 ||     4
         Potion            |     1 |       |     5 ||     6
 Armour: Robe              |    19 |    23 |    59 ||   101
         Skin              |       |       |   102 ||   102
  Dodge: Dodged            |    21 |    20 |    61 ||   102
  Block: Other             |       |     5 |    31 ||    36
         Reflection        |       |     1 |       ||     1
